 Dungeon Crawl Stone Soup version 0.28-a0-48-gfd831c5874 (webtiles) character file.

Game seed: 17338241938398987412

4165 CowFu the Protected (level 10, -11/65 HPs)
             Began as a Gargoyle Fighter on July 29, 2021.
             Was the Champion of Zin.
             Mangled by a two-headed ogre (22 damage)
             ... on level 7 of the Dungeon.
             The game lasted 00:13:45 (6540 turns).

CowFu the Protected (Gargoyle Fighter)              Turns: 6540, Time: 00:13:46

Health: -11/65     AC: 24    Str: 29    XL:     10   Next: 28%
Magic:  10/10      EV:  7    Int:  9    God:    Zin [******]
Gold:   907        SH: 12    Dex:  9    Spells: 9/9 levels left

rFire   . . .      SeeInvis .   a - +3 flail
rCold   . . .      Faith    .   c - +0 kite shield
rNeg    + . .      Spirit   .   f - +0 chain mail
rPois   ∞          Reflect  .   d - +0 helmet
rElec   +          Harm     .   j - +0 cloak
rCorr   .          Rampage  .   t - +2 pair of gloves
Will    .....                   (no boots)
Stlth   ..........              b - amulet of regeneration
HPRegen 1.20/turn               e - +6 ring of strength
MPRegen 0.12/turn               (no ring)

@: studying Hexes
A: sickness immunity, AC +7, negative energy resistance 1, electricity
resistance, torment resistance 1, petrification resistance
a: Renounce Religion, Recite, Vitalisation, Imprison, Sanctuary, Donate Gold


You were on level 7 of the Dungeon.
You worshipped Zin.
Zin was exalted by your worship.
You visited 1 branch of the dungeon, and saw 8 of its levels.

You collected 1757 gold pieces.
You donated 850 gold pieces to Zin.

Inventory:

Hand Weapons
 a - a +3 flail (weapon)
Missiles
 g - 2 throwing nets (quivered)
Armour
 c - a +0 kite shield (worn)
 d - a +0 helmet (worn)
 f - a +0 chain mail (worn)
 j - a +0 cloak (worn)
 t - a +2 pair of gloves (worn)
Jewellery
 b - an amulet of regeneration (around neck)
 e - a +6 ring of strength (left hand)
 k - a ring of fire
 w - an amulet of the acrobat
Wands
 o - a wand of flame (11)
 r - a wand of iceblast (19)
 u - a wand of digging (5)
 x - a wand of mindburst (17)
 A - a wand of paralysis (7)
Scrolls
 h - a scroll of enchant weapon
 s - 5 scrolls of teleportation
Potions
 i - a potion of brilliance
 l - a potion of heal wounds
 m - 4 potions of curing
 n - 3 potions of mutation
 p - 3 potions of invisibility
 q - a potion of attraction
 v - a potion of flight {unknown}


   Skills:
 + Level 8.7 Fighting
 + Level 7.5 Maces & Flails
 + Level 8.7 Armour
 + Level 8.7 Shields


You had 9 spell levels left.
You didn't know any spells.
Your spell library contained the following spells:

 Spells                   Type           Power      Damage    Failure   Level
 Magic Dart               Conj           0%         1d3       98%         1
 Call Imp                 Summ           0%         N/A       99%         2
 Mephitic Cloud           Conj/Pois/Air  0%         N/A       100%        3
 Ozocubu's Armour         Ice            0%         N/A       100%        3
 Portal Projectile        Hex/Tloc       0%         N/A       100%        3
 Petrify                  Tmut/Erth      0%         N/A       100%        4
 Blade Hands              Tmut           0%         N/A       100%        5
 Excruciating Wounds      Necr           0%         N/A       100%        5
 Metabolic Englaciation   Hex/Ice        0%         N/A       100%        5
 Ozocubu's Refrigeration  Ice            0%         4d5       100%        7
 Statue Form              Tmut/Erth      Unusable   N/A       N/A         6

Dungeon Overview and Level Annotations

Branches:
Dungeon (8/15)             Temple (0/1) D:6
   Lair: D:8-11

Altars:
Fedhas
Gozag
Makhleb
Uskayaw
Yredelemnul
Zin

Shops:
D:7 (

Annotations:
D:4 3 runed translucent doors, tinescath's ghost, novice DjGl


Innate Abilities, Weirdness & Mutations

You are immune to sickness and miasma.
Your stone body is resilient. (AC +7)
You are immune to poison.
You resist negative energy. (rN+)
You are resistant to electric shocks. (rElec)
You are resistant to unholy torment.
You are immune to petrification.


Message History

You are splashed with acid!!
You sock the acid dragon!
You kill the acid dragon!
The acid dragon scales are intact enough to wear.
There is a stone staircase leading down here.
Items here: ( )) ÷.
There is a stone staircase leading up, spattered with blood here.
Items here: (( ))) ÷÷.
HP restored.
You block the two-headed ogre's attack.
The two-headed ogre hits you but does no damage.
You climb upwards.
There is a stone staircase leading down here.
You bludgeon the two-headed ogre!!
The two-headed ogre is moderately wounded.
You block the two-headed ogre's attack.
The two-headed ogre hits you with a +0 giant spiked club!
You hit the two-headed ogre.
The two-headed ogre is moderately wounded.
The two-headed ogre hits you but does no damage.
You block the two-headed ogre's attack.
You hit the two-headed ogre.
The two-headed ogre is heavily wounded.
The two-headed ogre hits you but does no damage.
The two-headed ogre hits you with a +0 giant spiked club!
You barely miss the two-headed ogre.
The two-headed ogre is heavily wounded.
You sock the two-headed ogre!
The two-headed ogre is severely wounded.
The two-headed ogre completely misses you.
You block the two-headed ogre's attack.
You hit the two-headed ogre.
The two-headed ogre is severely wounded.
The two-headed ogre hits you with a +0 giant spiked club.
The two-headed ogre hits you with a +0 giant spiked club!!
You hit the two-headed ogre.
The two-headed ogre is severely wounded.
The two-headed ogre hits you with a +0 giant spiked club!
* * * LOW HITPOINT WARNING * * *
The two-headed ogre hits you with a +0 giant spiked club!!
You die...

.# #...# #.# ####### .# #...# #.#
.# #...# ##.# ##### ## #...#
#####..########.... ##.##
##...#.##^.......###
###.#####.........#####..###
#..............##.#####..##.
######.####.##...................
....##.####.###.@O####.#####.....
###.##....#.####.#####.#####...##
###.##.##......................#
#......####.#.##.#.########...##
.....#......#.##.#.# ##....#
#.#..###.........#.# ##....###
............#.##.#.# #....##.#
<..#........#.##.#.# #...##..#
..##(.......#......#####..##...#


You could see a two-headed ogre.

Vanquished Creatures
  Harold (D:8)
  Pikel (D:7)
  Prince Ribbit (D:5)
  A slime creature (D:8)
  An acid dragon (D:8)
  Duvessa (D:6)
  A water moccasin (D:6)
  A hornet zombie (D:7)
  An orc warrior (D:8)
  A centaur (D:6)
  An ogre (D:4)
  2 necrophages (D:5)
  2 phantoms (D:5)
  A kobold brigand (D:8)
  A bullfrog (D:8)
  Dowan (D:6)
  A scorpion (D:5)
  A water moccasin skeleton (D:7)
  9 killer bees
  A bullfrog skeleton (D:6)
  6 jellies
  3 hounds
  A gnoll shaman (D:8)
  2 centaur skeletons
  An orc priest (D:6)
  Jessica (D:2)
  2 orc wizards (D:8)
  A scorpion zombie (D:5)
  Natasha (D:2)
  An iguana (D:6)
  A hound skeleton (D:4)
  2 howler monkey zombies
  Robin (D:2)
  10 gnolls
  9 adders
  2 ufetubi (D:6)
  A worm (D:3)
  6 dart slugs
  17 orcs
  4 endoplasms
  3 giant cockroaches
  15 goblins
  9 hobgoblins
  13 jackals
  13 kobolds
  3 quokkas
  6 ball pythons
  9 bats
  5 frilled lizards
  7 rats
185 creatures vanquished.

Notes
Turn   | Place    | Note
-------+----------+-------------------------------------------
     0 | D:1      | CowFu the Gargoyle Fighter began the quest for the Orb.
     0 | D:1      | Reached XP level 1. HP: 14/14 MP: 1/1
   120 | D:1      | Reached XP level 2. HP: 19/19 MP: 2/2
   541 | D:1      | Found a faded altar of an unknown god.
   555 | D:1      | Became a worshipper of Zin the Law-Giver
   555 | D:1      | Reached * piety under Zin
   855 | D:2      | Noticed Jessica
   868 | D:2      | Reached XP level 3. HP: 17/23 MP: 3/3
   876 | D:2      | Killed Jessica
  1258 | D:2      | Reached XP level 4. HP: 29/29 MP: 4/4
  1437 | D:2      | Reached XP level 5. HP: 4/33 MP: 5/5
  1440 | D:2      | HP: 1/33 [kobold (3)]
  1544 | D:2      | Noticed Robin
  1566 | D:2      | Killed Robin
  1799 | D:2      | Reached ** piety under Zin
  1810 | D:2      | Noticed Natasha
  1816 | D:2      | Killed Natasha
  2299 | D:3      | Found a burning altar of Makhleb.
  2585 | D:3      | Reached XP level 6. HP: 39/39 MP: 6/6
  2871 | D:4      | Reached skill level 5 in Armour
  2879 | D:4      | Reached skill level 5 in Fighting
  2879 | D:4      | Reached skill level 5 in Shields
  2879 | D:4      | Reached XP level 7. HP: 38/44 MP: 7/7
  3355 | D:4      | Found a runed translucent gate.
  3374 | D:4      | Reached *** piety under Zin
  3391 | D:4      | Found a runed translucent gate.
  3409 | D:4      | Found a runed translucent gate.
  3411 | D:4      | Noticed tinescath's ghost (novice DjGl)
  3587 | D:4      | Reached **** piety under Zin
  3610 | D:4      | Found a hide-covered altar of Uskayaw.
  3610 | D:4      | Found a basalt altar of Yredelemnul.
  3723 | D:4      | Found a blossoming altar of Fedhas.
  3941 | D:5      | Entered Level 5 of the Dungeon
  3974 | D:5      | Reached XP level 8. HP: 36/51 MP: 8/8
  4056 | D:5      | Noticed Prince Ribbit
  4081 | D:5      | Reached skill level 5 in Maces & Flails
  4522 | D:5      | Identified a scroll of acquirement
  4522 | D:5      | Acquired 1279 gold pieces
  4523 | D:5      | Reached ***** piety under Zin
  4559 | D:5      | Killed Prince Ribbit
  4721 | D:2      | Donated 746 gold pieces to Zin
  5011 | D:6      | Reached ****** piety under Zin
  5026 | D:6      | Noticed Duvessa
  5030 | D:6      | Noticed Dowan
  5035 | D:6      | Killed Duvessa
  5044 | D:6      | Killed Dowan
  5045 | D:6      | Reached XP level 9. HP: 56/56 MP: 9/9
  5100 | D:6      | Found an opulent altar of Gozag.
  5127 | D:6      | Found a staircase to the Ecumenical Temple.
  5508 | D:7      | Found Ebenwoedd's Weapon Shop.
  5627 | D:7      | Noticed Pikel
  5664 | D:7      | Killed Pikel
  6227 | D:8      | Noticed Harold
  6251 | D:8      | Killed Harold
  6252 | D:8      | Reached XP level 10. HP: 64/64 MP: 10/10
  6484 | D:8      | Noticed a cyclops
  6490 | D:8      | Noticed a two-headed ogre
  6540 | D:7      | Mangled by a two-headed ogre

Illustrated notes

Levels and vault maps discovered:
D:1:      grunt_arrival_crossed_arrows, layout_basic,
          ebering_ecumenical_altar_sacrificial
D:2:      layout_basic, minmay_pentomino_pile, uniq_jessica, uniq_robin,
          uniq_natasha
D:3:      layout_rooms, lightli_temple_of_fire
D:4:      kennysheep_spiral_hall, layout_basic, fedhas_altar_4,
          jmf_multi_god_temple, ebering_ghost_rock_garden, fountainhead
D:5:      layout_rooms, uniq_prince_ribbit1
D:6:      wander_river, layout_cave_pools, overflow_temple_1_default,
          minmay_temple_entry_statues_fountains, minmay_increasing_density,
          uniq_duvessa
D:7:      layout_loops_cross, serial_shops, nicolae_stop_n_shop_2,
          nrook_mini_backslash, uniq_pikel
D:8:      minmay_blocky_corners, layout_rooms, uniq_harold

Skill      XL: |  1  2  3  4  5  6  7  8  9 |
---------------+----------------------------+-----
Armour         | 4 5 7 8 |  8.7
Shields        | 4 5 6 8 |  8.7
Fighting       | 4 5 6 8 |  8.7
Maces & Flails | 3 4 5 7 |  7.5

Action                   |  1- 3 |  4- 6 |  7- 9 | 10-12 || total
-------------------------+-------+-------+-------+-------++-------
Melee: Flail             |    90 |       |   241 |    80 ||   411
       Club              |    13 |   236 |    96 |       ||   345
Invok: Recite            |     1 |       |     4 |       ||     5
       Donate Gold       |       |       |     1 |       ||     1
  Use: Potion            |       |     1 |     3 |       ||     4
       Scroll            |       |     4 |    12 |     3 ||    19
 Stab: Confused          |       |       |     1 |       ||     1
Armor: Scale mail        |    73 |    53 |       |       ||   126
       Chain mail        |       |   100 |   219 |    66 ||   385
Dodge: Dodged            |    32 |    65 |    96 |    12 ||   205
Block: Kite shield       |    60 |   163 |   213 |    58 ||   494

Table legend: (Time is in decaauts)
 A = Elapsed time spent in this place.
 B = Non-inter-level travel time spent in this place.
 C = Inter-level travel time spent in this place.
 D = Time resting spent in this place.
 E = Time spent auto-exploring this place.
 F = Levels seen in this place.
 G = Mean time per level.
                   A        B        C        D        E       F      G
               +--------+--------+--------+--------+--------+-----+--------+
         Total |   6821 |   6376 |    445 |      0 |   4540 |   8 |  852.6 |
       Dungeon |   6821 |   6376 |    445 |      0 |   4540 |   8 |  852.6 |
               +--------+--------+--------+--------+--------+-----+--------+

Top non-repeatable levels by time:
     D:2: 1465 daAuts
     D:4: 1265 daAuts
     D:1: 882 daAuts
     D:3: 776 daAuts
     D:7: 746 daAuts
     D:5: 694 daAuts
     D:6: 662 daAuts
     D:8: 328 daAuts
